 Dungeon Crawl Stone Soup version 0.24-a0-778-g74da537585 (webtiles) character file.

Game seed: 12862531152815853604, levelgen mode: deterministic

1873181 GordonOverkill the Conqueror (level 27, 203/273 HPs)
             Began as a Demigod Fire Elementalist on Oct 6, 2019.
             Escaped with the Orb
             ... and 4 runes on Oct 7, 2019!
             The game lasted 06:01:46 (112816 turns).

GordonOverkill the Conqueror (DgFE)               Turns: 112816, Time: 06:01:46

Health: 203/273    AC: 19    Str: 15    XL:     27
Magic:  48/48      EV: 36    Int: 43    God:
Gold:   269        SH:  0    Dex: 27    Spells: 12/56 levels left

rFire    + . .     SeeInvis +   e - +6 battleaxe of Rotation {speed, Int+5}
rCold    + . .     Gourm    .   (shield currently unavailable)
rNeg     . . .     Faith    .   U - +1 leather armour "Nasm" {rC+ Regen+ rCorr}
rPois    .         Spirit   .   D - +2 helmet {SInv}
rElec    .         Reflect  .   V - +2 cloak {MR+}
rCorr    +         Harm     .   M - +2 pair of gloves {Dex+3}
rMut     +                      p - +2 pair of boots {Fly}
MR       +++..                  y - amulet of regeneration
Stlth    ++........             I - ring of Ucina {rF+ Int+7 Dex+3}
HPRegen  1.35/turn              w - +4 ring of slaying
MPRegen  0.31/turn

@: agile, flying, studying Earth Magic, deflect missiles
A: slimy green scales 1, high mp 1, mutation resistance 3, weak 1, subdued magic
1
0: Orb of Zot
}: 4/15 runes: decaying, serpentine, slimy, silver
a: Stop Flying


You escaped.
You were not hungry.

You visited 10 branches of the dungeon, and saw 54 of its levels.
You also visited: Bailey.

You collected 9112 gold pieces.
You spent 8843 gold pieces at shops.

Inventory:

Hand Weapons
 e - the +6 battleaxe of Rotation (weapon) {speed, Int+5}
   (You bought it in a shop on level 3 of the Vaults)

   Attacks with this weapon are significantly faster.
   It affects your intelligence (+5).
 q - a +9 vampiric battleaxe
Missiles
 F - a throwing net (quivered)
Armour
 p - a +2 pair of boots of flying (worn)
 A - +5 steam dragon scales
 D - a +2 helmet of see invisible (worn)
 M - a +2 pair of gloves of dexterity (worn)
 Q - a +2 cloak
 U - the +1 leather armour "Nasm" (worn) {rC+ Regen+ rCorr}
   (You took it off a deep elf mage on level 3 of the Elven Halls)

   It protects you from cold.
   It increases your rate of regeneration.
   It provides partial protection from all sources of acid and corrosion.
 V - a +2 cloak of magic resistance (worn)
Jewellery
 w - a +4 ring of slaying (right hand)
 y - an amulet of regeneration (around neck)
 E - the ring "Riejetze" {Fire MR+ Str+6 Int-4}
   (You found it on level 5 of the Pits of Slime)

   [ring of fire]

   It enhances your fire magic.
   It affects your strength (+6).
   It affects your intelligence (-4).
   It protects you from fire.
   It makes you vulnerable to cold.
   It affects your resistance to hostile enchantments.
 I - the ring of Ucina (left hand) {rF+ Int+7 Dex+3}
   (You bought it in a shop on level 4 of the Dungeon)

   [ring of dexterity]

   It affects your intelligence (+7).
   It affects your dexterity (+3).
   It protects you from fire.
 N - the ring of the Seven Lovers {Ice Int+5}
   (You found it on level 5 of the Vaults)

   [ring of ice]

   It enhances your ice magic.
   It affects your intelligence (+5).
   It makes you vulnerable to fire.
   It protects you from cold.
Wands
 h - a wand of paralysis (18)
 t - a wand of acid (13)
 K - a wand of digging (11)
 T - a wand of iceblast (20)
 Z - a wand of scattershot (2)
Scrolls
 a - 3 scrolls of holy word
 d - 25 scrolls of remove curse
 g - 9 scrolls of amnesia
 i - 3 scrolls of blinking
 j - a scroll of summoning
 o - 5 scrolls of enchant weapon
 r - 10 scrolls of teleportation
 v - 4 scrolls of fear
 z - a scroll of magic mapping
 P - 8 scrolls of fog
 R - 3 scrolls of enchant armour
 S - 2 scrolls of silence
 W - 22 scrolls of identify
Potions
 f - a potion of agility
 l - a potion of cancellation
 m - 2 potions of berserk rage
 n - 14 potions of curing
 s - 5 potions of magic
 x - 4 potions of lignification
 B - 2 potions of haste
 C - 8 potions of brilliance
 H - 2 potions of resistance
 L - 4 potions of mutation
 O - 3 potions of heal wounds
Books
 G - a manual of Earth Magic
Miscellaneous
 k - 4 phantom mirrors
 X - a phial of floods
Comestibles
 c - 64 rations


   Skills:
 O Level 27 Fighting
 - Level 20.0 Axes
 - Level 5.0 Armour
 + Level 17.8 Dodging
 - Level 2.0 Stealth
   Level 4.0 Shields
 - Level 15.0 Spellcasting
 - Level 10.0 Conjurations
 - Level 5.0 Charms
 - Level 10.0 Necromancy
 - Level 6.0 Translocations
 - Level 7.0 Transmutations
 - Level 10.0 Fire Magic
 - Level 12.0 Air Magic
 - Level 10.0 Earth Magic
 - Level 5.0 Evocations


You had 12 spell levels left.
You knew the following spells:

 Your Spells              Type           Power        Failure   Level  Hunger
a - Borgnjor's Vile Clut  Necr/Erth      ######....   1%          5    None
b - Song of Slaying       Chrm           ######..     1%          2    None
d - Fireball              Conj/Fire      ######....   1%          5    None
e - Airstrike             Air            #######...   1%          4    None
f - Blink                 Tloc           N/A          1%          2    None
g - Deflect Missiles      Chrm/Air       ######....   3%          6    None
h - Regeneration          Chrm/Necr      ######....   1%          3    None
i - Iron Shot             Conj/Erth      ######....   1%          6    None
j - Statue Form           Tmut/Erth      ######...    3%          6    None
k - Dispel Undead         Necr           ######..     1%          5    None

Your spell library contained the following spells:

 Spells                   Type           Power        Failure   Level  Hunger
 Animate Skeleton         Necr           N/A          0%          1    None
 Flame Tongue             Conj/Fire      #####        0%          1    None
 Magic Dart               Conj           ####         0%          1    None
 Pain                     Necr           ####         0%          1    None
 Sandblast                Erth           ######       0%          1    None
 Shock                    Conj/Air       ####         0%          1    None
 Corpse Rot               Necr           N/A          0%          2    None
 Searing Ray              Conj           ######       0%          2    None
 Sublimation of Blood     Necr           ######....   0%          2    None
 Throw Flame              Conj/Fire      ######       0%          2    None
 Static Discharge         Conj/Air       #######.     0%          3    None
 Apportation              Tloc           ######       1%          1    None
 Corona                   Hex            ###....      1%          1    None
 Freeze                   Ice            ###.         1%          1    None
 Sting                    Conj/Pois      ####         1%          1    None
 Summon Butterflies       Summ           ###.....     1%          1    None
 Summon Small Mammal      Summ           ###.         1%          1    None
 Call Imp                 Summ           ###.....     1%          2    None
 Ensorcelled Hibernation  Hex/Ice        ###...       1%          2    None
 Passwall                 Tmut/Erth      ######..     1%          2    None
 Poisonous Vapours        Pois/Air       ######       1%          2    None
 Slow                     Hex            ###.....     1%          2    None
 Swiftness                Chrm/Air       ######..     1%          2    None
 Throw Frost              Conj/Ice       ######       1%          2    None
 Conjure Flame            Conj/Fire      ######..     1%          3    None
 Dazzling Spray           Conj/Hex       ######       1%          3    None
 Gell's Gravitas          Tloc           ######....   1%          3    None
 Ignite Poison            Fire/Tmut/Pois ######..     1%          3    None
 Inner Flame              Hex/Fire       ######..     1%          3    None
 Lesser Beckoning         Tloc           ######....   1%          3    None
 Mephitic Cloud           Conj/Pois/Air  ######..     1%          3    None
 Ozocubu's Armour         Chrm/Ice       #####...     1%          3    None
 Portal Projectile        Hex/Tloc       #####.       1%          3    None
 Recall                   Summ/Tloc      N/A          1%          3    None
 Spectral Weapon          Hex/Chrm       #####...     1%          3    None
 Spider Form              Tmut/Pois      #####.....   1%          3    None
 Stone Arrow              Conj/Erth      ######       1%          3    None
 Vampiric Draining        Necr           ######....   1%          3    None
 Animate Dead             Necr           N/A          1%          4    None
 Force Lance              Conj/Tloc      ######..     1%          4    None
 Fulminant Prism          Conj/Hex       ######....   1%          4    None
 Iskenderun's Mystic Bla  Conj           ######..     1%          4    None
 Leda's Liquefaction      Hex/Erth       ######....   1%          4    None
 Petrify                  Tmut/Erth      ######..     1%          4    None
 Sticky Flame             Conj/Fire      ######..     1%          4    None
 Summon Lightning Spire   Summ/Air       ######..     1%          4    None
 Throw Icicle             Conj/Ice       ######..     1%          4    None
 Agony                    Necr           ######..     1%          5    None
 Blade Hands              Tmut           ######....   1%          5    None
 Bolt of Draining         Conj/Necr      ######....   1%          5    None
 Bolt of Magma            Conj/Fire/Erth ######....   1%          5    None
 Excruciating Wounds      Chrm/Necr      ######....   1%          5    None
 Irradiate                Conj/Tmut      ######....   1%          5    None
 Iskenderun's Battlesphe  Conj/Chrm      ######..     1%          5    None
 Lee's Rapid Deconstruct  Erth           ######....   1%          5    None
 Lightning Bolt           Conj/Air       #######...   1%          5    None
 Bolt of Fire             Conj/Fire      ######....   1%          6    None
 Call Canine Familiar     Summ           ###.....     2%          3    None
 Confuse                  Hex            ###.....     2%          3    None
 Summon Guardian Golem    Hex/Summ       ###.....     2%          3    None
 Tukima's Dance           Hex            ###.....     2%          3    None
 Venom Bolt               Conj/Pois      ######....   2%          5    None
 Alistair's Intoxication  Tmut/Pois      #####...     5%          5    None
 Yara's Violent Unravell  Hex/Tmut       #####.....   5%          5    None
 Freezing Cloud           Conj/Ice/Air   ######....   6%          6    None
 Summon Forest            Summ/Tloc      #####.....   7%          5    None
 Hydra Form               Tmut           ######....   7%          6    None
 Cause Fear               Hex            ###.......   8%          4    None
 Olgreb's Toxic Radiance  Pois           ###.....     8%          4    None
 Summon Ice Beast         Ice/Summ       ###.....     8%          4    None
 Dispersal                Tloc           ######....   11%         6    None
 Simulacrum               Ice/Necr       ######....   17%         6    None
 Metabolic Englaciation   Hex/Ice        ###.......   24%         5    None
 Summon Demon             Summ           ###.......   24%         5    None
 Summon Mana Viper        Hex/Summ       ###.....     24%         5    None
 Ring of Flames           Chrm/Fire      ######....   32%         7    ##.....
 Dragon Form              Tmut           ######....   38%         7    ##.....
 Ignition                 Fire           ######....   69%         8    #####..
 Darkness                 Hex            ###.......   80%         6    None
 Invisibility             Hex            ###.....     80%         6    None
 Malign Gateway           Summ/Tloc      #####.....   92%         7    ##.....
 Controlled Blink         Tloc           N/A          99%         8    #####..
 Disjunction              Tloc           ######....   99%         8    #####..
 Monstrous Menagerie      Summ           ###.......   100%        7    ##.....
 Summon Greater Demon     Summ           ###.......   100%        7    ##.....
 Summon Hydra             Summ           ###.......   100%        7    ##.....
 Summon Horrible Things   Summ           ###.......   100%        8    #####..
 Dragon's Call            Summ           ###.......   100%        9    ######.
 Shatter                  Erth           ######....   100%        9    ######.
 Tornado                  Air            #######...   100%        9    ######.
 Passage of Golubria      Tloc           Unusable     N/A         4    N/A

Dungeon Overview and Level Annotations

Branches:
Dungeon (15/15)            Temple (0/1) D:4            Lair (6/6) D:11
  Swamp (4/4) Lair:3        Snake (4/4) Lair:2        Slime (5/5) Lair:5
    Orc (2/2) D:10            Elf (3/3) Orc:2        Vaults (5/5) D:14
  Crypt (0/3) Vaults:2     Depths (5/5) D:15            Zot (5/5) Depths:5
 Bailey (visited)

Shops:
D:4 *   D:5 (   D:7 [*(=   D:9 [   D:10 =   D:11 }?   Orc:2 =(}}   Elf:2 [%((}
Snake:2 (   Vaults:2 :   Vaults:3 (   Vaults:4 *   Depths:2 }=}

Portals:
Hell: Depths:1 Depths:2 Depths:3 Depths:4 Depths:5
Abyss: Depths:2 Depths:4
Pandemonium: Depths:3
Ziggurat: Depths:2

Annotations:
Slime:4 4 exclusions


Innate Abilities, Weirdness & Mutations

You have an increased reservoir of magic. (+10% MP)
You are partially covered in slimy green scales. (AC +2)
You are almost entirely resistant to further mutation and mutation removal.
You are weak. (Str -2)
Your spells are a little easier to cast, but a little less powerful.


Message History

(P) Snake Pit (M) Slime Pits (O) Orcish Mines (E) Elven Halls (V) Vaults (C) Crypt (U) Depths (H) Hell (Z) Zot
Where to? (Enter - D:1 @ (x,y), ? - help)
There is an open door here.
Your transformation is almost over.
Your extra speed is starting to run out.
You revert to your normal fleshy form.
Your +2 pair of gloves of dexterity unmelds from your body.
Your +2 pair of boots of flying unmelds from your body.
The +1 leather armour "Nasm" {rC+ Regen+ rCorr} unmelds from your body.
You feel agile.
You fly up into the air.
You feel yourself slow down.
Your song is almost over.
Magic restored.
There is an open door here.
There is a staircase leading out of the dungeon here.
Your song has ended.
There is a staircase leading out of the dungeon here.
You have escaped!

#..#.P.P....#..#♣
#.#
#..#..P.....#..#
#.#######
#..#.P.P.P..#..#
#........
#..#..P.P...#..#
#########
#..#...P.P..#..#
#'##8......8##'#
##..##########..##
#....#......#....#
#....#......'...@#
##..##########..##
#### ####


There were no monsters in sight!

Vanquished Creatures
  3 orbs of fire (Zot:5)
  9 ancient liches
  Mara (Depths:1)
  A juggernaut (Depths:5)
  3 Killer Klowns
  A curse toe (Zot:5)
  The ghost of Yjairun the Sniper, a veteran CeHu of Okawaru (Depths:3)
  Vashnia (Snake:3)
  A caustic shrike (Depths:3)
  Saint Roka (Vaults:1)
  The ghost of Vacsuiff the Warrior, a veteran DsFi of Okawaru (Depths:5)
  11 golden dragons
  2 pandemonium lords
  The ghost of Owio the Warrior, an adept MiGl of Okawaru (Vaults:4)
  4 electric golems
  26 tentacled monstrosities
  Jorgrun (Swamp:1)
  An Ice Fiend (D:13)
  4 liches
  A Hell Sentinel (Depths:5)
  29 Orb Guardians
  3 deep elf blademasters
  7 quicksilver dragons
  2 deep elf master archers (Elf:3)
  6 titans
  20 acid blobs
  7 sphinxes
  An eldritch tentacle (Depths:1)
  7 death cobs
  11 tengu reavers
  19 storm dragons
  2 thorn hunters
  7 draconian monks
  Roxanne (Swamp:3)
  7 nagarajas (Snake:4)
  10 shadow dragons
  9 azure jellies
  17 vault wardens
  14 fire giants
  10 deep elf sorcerers
  10 frost giants
  A blood saint (D:3)
  5 draconian knights
  13 draconian scorchers
  4 ghost moths
  A balrug (Depths:1)
  Aizul (Snake:4)
  A cacodemon (D:1)
  An angel (D:3)
  3 deep elf elementalists
  22 ironheart preservers
  11 draconian annihilators
  6 draconian stormcallers
  Louise (Elf:1)
  A black sun (D:3)
  9 draconian shifters
  2 spriggan defenders (Depths:4)
  16 very ugly things
  2 entropy weavers (Vaults:3)
  2 war gargoyles (Vaults:5)
  20 stone giants
  10 green draconians
  The ghost of Thantalas the Thaumaturge, a journeyman DgAE (D:12)
  8 deep elf demonologists
  17 black draconians
  9 deep elf annihilators
  2 lorocyprocas (Depths:5)
  12 white draconians
  14 yellow draconians
  The ghost of Fies the Prestidigitator, a journeyman GnAr of Trog (Lair:3)
  15 red draconians
  4 spark wasps (Depths:3)
  14 purple draconians
  3 dire elephants (Depths:4)
  Snorg (Lair:6)
  The ghost of Nilosor the Zephyrmancer, a journeyman DrAE of Sif Muna (Lair:4)
  5 deep elf death magi
  15 ettins
  The ghost of EdirashGloemor the Fighter, a journeyman MiBe of Trog (D:9)
  7 death oozes
  14 great orbs of eyes
  16 yaktaur captains
  13 fire dragons
  An ettin (shapeshifter) (Elf:3)
  16 ogre magi
  3 green deaths
  6 deep elf high priests
  35 vault guards
  6 ice dragons
  19 hydras
  4 hell beasts
  21 naga warriors
  9 rakshasas
  2 shambling mangroves
  4 catoblepae
  3 spriggan air magi
  An anaconda (shapeshifter) (Vaults:5)
  16 centaur warriors
  31 dancing weapons
  9 anacondas
  25 two-headed ogres
  11 alligators
  2 ghost crabs
  4 death knights
  An alligator (shapeshifter) (Depths:5)
  13 tengu warriors
  4 death yaks
  11 deep troll earth magi
  14 deep troll shamans
  7 orc high priests (Orc:2)
  3 spriggan berserkers (Depths:2)
  A thrashing horror (Swamp:4)
  26 deep elf knights
  2 vampire magi
  25 naga sharpshooters
  15 shock serpents
  8 hell knights (Depths:2)
  Sonja (Orc:1)
  An iron troll (Depths:4)
  2 sun demons (Depths:1)
  2 soul eaters
  A skeletal warrior (Vaults:2)
  2 salamander mystics (Snake:4)
  3 unseen horrors
  A death drake (Depths:1)
  4 glowing orange brains
  4 sixfirhies
  4 wizards
  A gelid demonspawn (D:3)
  2 sea snakes (Depths:1)
  A sea snake (shapeshifter) (Depths:1)
  6 swamp dragons
  33 deep trolls
  6 spriggan druids
  An infernal demonspawn (D:3)
  8 naga ritualists
  A glowing orange brain (shapeshifter) (Vaults:5)
  2 torturous demonspawn (D:3)
  17 deep elf archers
  The ghost of Thufir the Cleaver, a novice MiFi (D:6)
  An obsidian statue (Zot:5)
  8 orc knights
  5 flayed ghosts
  A lindwurm (Depths:4)
  19 ironbrand convokers
  A necromancer (Depths:2)
  2 oklob plants (Lair:4)
  3 phantasmal warriors
  A wolf spider (shapeshifter) (Vaults:5)
  2 mana vipers (shapeshifter)
  6 mana vipers
  A large abomination (D:9)
  7 harpies
  2 wolf spider zombies
  8 shining eyes
  5 orc sorcerers
  45 ugly things
  89 deep elf magi
  A salamander (shapeshifter) (Vaults:5)
  8 cyclopes
  A shining eye (shapeshifter) (Depths:1)
  6 wolf spiders
  6 manticores
  28 moths of wrath
  A black mamba (shapeshifter) (Elf:1)
  2 rust devils
  2 worldbinders (Depths:1)
  40 black mambas
  5 salamanders
  3 orange demons (Swamp:4)
  12 guardian serpents
  14 vault sentinels
  A water nymph (shapeshifter) (Vaults:5)
  20 naga magi
  13 elephants
  2 gargoyles
  2 ice statues (Depths:1)
  A spiny frog (shapeshifter) (Depths:2)
  A torpor snail (Lair:6)
  A hellion (D:3)
  2 eyes of devastation
  A smoke demon (Depths:5)
  3 rime drakes
  3 kobold demonologists
  12 spiny frogs
  2 komodo dragons (Lair:5)
  54 yaktaurs
  An anaconda simulacrum (Depths:1)
  An efreet (D:13)
  An ice devil (Depths:3)
  A tormentor (Zot:1)
  4 freezing wraiths
  A hellwing (Depths:5)
  8 tengu conjurers
  3 meliai (D:12)
  20 hornets
  A jumping spider (shapeshifter) (Vaults:3)
  A queen bee (D:12)
  A meliai (shapeshifter) (Elf:1)
  A polar bear (Lair:5)
  129 slime creatures
  9 tyrant leeches
  5 trolls
  17 blink frogs
  2 jumping spiders (Depths:1)
  A sphinx simulacrum (Vaults:2)
  A harpy skeleton (D:13)
  6 bog bodies
  A dream sheep (shapeshifter) (Depths:2)
  9 hippogriffs
  4 dream sheep
  A meliai zombie (D:14)
  A centaur simulacrum (D:15)
  2 ynoxinuls
  4 redbacks
  An air elemental (Elf:2)
  A wyvern (Lair:1)
  A vampire (D:14)
  7 shadows
  7 water elementals
  A tarantella (Depths:1)
  4 wraiths
  A tarantella (shapeshifter) (Vaults:2)
  A basilisk (shapeshifter) (Vaults:4)
  15 spriggans
  19 yaks
  5 basilisks
  9 golden eyes
  A yak (shapeshifter) (Elf:1)
  2 fire elementals
  A hog (Depths:1)
  A chaos spawn (Depths:5)
  A steam dragon (shapeshifter) (Vaults:2)
  2 steam dragons
  21 vampire mosquitoes
  2 hungry ghosts
  A neqoxec (Depths:3)
  A soldier ant (D:14)
  A swamp worm (shapeshifter) (Vaults:5)
  53 nagas
  An acid dragon (D:14)
  10 swamp worms
  14 wargs
  2 spatial vortices (Depths:1)
  22 insubstantial wisps
  2 hell hounds (Depths:4)
  A soldier ant (shapeshifter) (Vaults:5)
  An acid dragon (shapeshifter) (Depths:2)
  11 water moccasins
  12 porcupines
  7 swamp drakes
  4 black bears
  32 orc warriors
  6 sky beasts
  13 eyes of draining
  6 ice beasts
  2 fire dragon simulacra (Depths:1)
  3 phantoms
  7 boggarts
  An ogre (shapeshifter) (Vaults:5)
  A black mamba simulacrum (Depths:1)
  2 eyes of draining (shapeshifter)
  36 ogres
  6 wolves (Lair:5)
  18 centaurs
  7 crocodiles
  3 big kobolds
  13 bullfrogs
  3 gnoll sergeants
  A small abomination (D:1)
  5 earth elementals
  A wyvern skeleton (D:10)
  5 scorpions
  28 killer bees
  An elephant simulacrum (Depths:1)
  9 wights
  A vampire bat (Depths:1)
  An electric eel (D:14)
  4 crimson imps
  A bullfrog zombie (D:6)
  A quasit (D:12)
  7 centaur zombies
  6 jellies
  A gnoll shaman (D:6)
  26 orc wizards
  35 orc priests
  4 hounds
  An iron imp (D:9)
  A bullfrog skeleton (D:8)
  5 centaur skeletons
  Natasha (thrice) (D:3)
  3 iguanas
  13 worker ants
  A troll simulacrum (Depths:1)
  A hound skeleton (D:11)
  A howler monkey zombie (D:11)
  4 worker ant zombies
  24 gnolls
  8 adders
  2 naga simulacra (Depths:1)
  6 shadow imps
  13 white imps
  8 oozes
  An adder skeleton (D:6)
  2 worms
  2 dart slugs (D:1)
  6 leopard geckos
  116 orcs
  4 giant cockroaches
  10 goblins
  12 hobgoblins
  10 jackals
  4 quokkas
  2 ball pythons
  4 bats
  8 frilled lizards
  A jackal zombie (D:7)
  35 kobolds
  7 rats
  3 plants
2592 creatures vanquished.

Vanquished Creatures (collateral kills)
  the Royal Jelly (Slime:5)
  An acid blob (Slime:5)
  A death ooze (Slime:5)
  A slime creature (Slime:5)
  An eye of draining (Slime:5)
5 creatures vanquished.

Vanquished Creatures (others)
  A golden dragon (Zot:4)
  A draconian monk (Zot:5)
  A draconian knight (Zot:1)
  A purple draconian (Zot:4)
  A red draconian (Zot:1)
  A tengu warrior (Depths:1)
  A naga sharpshooter (Snake:4)
  A deep elf knight (Elf:2)
  A shadow wraith (Vaults:1)
  3 deep elf magi
  A wizard (D:6)
  A moth of wrath (Zot:2)
  A guardian serpent (shapeshifter) (Elf:2)
  3 dream sheep (D:12)
  A yak (D:13)
  An insubstantial wisp (Depths:1)
  An orc wizard (D:9)
  An orc (D:9)
  2 bushes (Depths:4)
  54 fungi
  28 plants
106 creatures vanquished.

Grand Total: 2703 creatures vanquished

Notes
Turn   | Place    | Note
-------+----------+-------------------------------------------
     0 | D:1      | GordonOverkill the Demigod Fire Elementalist began the
                  | quest for the Orb.
     0 | D:1      | Reached XP level 1. HP: 14/14 MP: 5/5
   145 | D:1      | Reached skill level 1 in Conjurations
   556 | D:1      | Reached XP level 2. HP: 20/20 MP: 7/7
   911 | D:1      | HP: 1/20 [dart slug/slug dart (8)]
  1691 | D:2      | Reached XP level 3. HP: 24/26 MP: 6/8
  2263 | D:2      | Reached XP level 4. HP: 33/33 MP: 7/10
  2679 | D:2      | Learned a level 3 spell: Conjure Flame
  2755 | D:2      | Found a sacrificial altar of Ru.
  2867 | D:3      | Found a blossoming altar of Fedhas.
  2909 | D:3      | Noticed Natasha
  2919 | D:3      | Killed Natasha
  3319 | D:3      | Noticed Natasha
  3324 | D:3      | Killed Natasha
  3324 | D:3      | Reached XP level 5. HP: 31/38 MP: 8/11
  3479 | D:3      | Noticed an ogre
  3487 | D:3      | Killed an ogre
  3541 | D:3      | Noticed Natasha
  3557 | D:3      | Killed Natasha
  4096 | D:4      | Reached XP level 6. HP: 45/45 MP: 13/13
  4245 | D:4      | Found a stormy altar of Qazlal.
  4310 | D:4      | Learned a level 4 spell: Sticky Flame
  4452 | D:4      | Found Gozag's Platinum Reserve.
  4454 | D:4      | Found an opulent altar of Gozag.
  4700 | D:4      | Found a staircase to the Ecumenical Temple.
  4707 | D:4      | Reached skill level 5 in Fire Magic
  4895 | D:5      | Entered Level 5 of the Dungeon
  4983 | D:5      | Found a shattered altar of Ashenzari.
  5072 | D:5      | Found a glowing silver altar of Zin.
  5155 | D:5      | Reached XP level 7. HP: 41/50 MP: 15/15
  5241 | D:5      | Found Ufudo's Antique Weapon Emporium.
  5264 | D:5      | Bought a runed hunting sling for 135 gold pieces
  5337 | D:5      | Reached skill level 5 in Conjurations
  5733 | D:6      | Found a transporter.
  5745 | D:6      | Noticed Thufir's ghost (novice MiFi)
  5804 | D:6      | Reached skill level 1 in Fighting
  5833 | D:6      | Identified the +5 ring mail "Sobeyruk" {Int+6}
  6174 | D:6      | Reached skill level 2 in Fighting
  6210 | D:6      | Reached XP level 8. HP: 57/61 MP: 17/17
  6213 | D:6      | Found a basalt altar of Yredelemnul.
  6430 | D:6      | Found a shimmering altar of Xom.
  6431 | D:6      | Found a burning altar of Makhleb.
  6431 | D:6      | Found a sacrificial altar of Ru.
  6712 | D:6      | Found a hazy altar of Hepliaklqana.
  6784 | D:6      | Found a transporter.
  6881 | D:6      | Found a bloodstained altar of Trog.
  6908 | D:6      | Found an ancient bone altar of Kikubaaqudgha.
  6930 | D:6      | Found an ornate altar of the Wu Jian Council.
  6985 | D:6      | Noticed a wizard
  6988 | D:6      | Killed a wizard
  7157 | D:7      | Found Wutosob's Antique Armour Shop.
  7221 | D:7      | Bought a pair of glowing boots for 225 gold pieces
  7245 | D:7      | Found Fupistoll's Assorted Antiques.
  7253 | D:7      | Bought an amethyst potion for 32 gold pieces
  7571 | D:7      | Reached skill level 3 in Fighting
  7775 | D:7      | Found a sparkling altar of Nemelex Xobeh.
  7881 | D:7      | Found Kavem's Jewellery Shop.
  7904 | D:7      | Found a burning altar of Makhleb.
  7916 | D:7      | Found a flagged portal.
  7933 | Bailey   | Entered a bailey
  8690 | Bailey   | Identified the Tome of Assistive Toxins
  8760 | D:7      | Reached skill level 5 in Spellcasting
  8760 | D:7      | Reached XP level 9. HP: 28/69 MP: 10/20
  9155 | D:7      | Found Pethom's Weapon Shoppe.
  9327 | D:7      | Bought a pair of runed gloves for 225 gold pieces
  9474 | D:8      | Paralysed by a hornet for 1 turns
  9476 | D:8      | Reached skill level 1 in Evocations
 10319 | D:8      | Found an iron altar of Okawaru.
 10349 | D:8      | Reached skill level 4 in Fighting
 10607 | D:8      | Reached skill level 10 in Fighting
 10607 | D:8      | Reached XP level 10. HP: 93/93 MP: 21/21
 10865 | D:9      | Learned a level 5 spell: Fireball
 10870 | D:9      | Learned a level 4 spell: Airstrike
 11006 | D:9      | Found Xeapaf's Armour Shop.
 11027 | D:9      | Bought a +0 cloak for 58 gold pieces
 11078 | D:9      | Reached skill level 1 in Air Magic
 11449 | D:9      | Noticed a moth of wrath
 11450 | D:9      | Found a transporter.
 11451 | D:9      | Found a bloodstained altar of Trog.
 11465 | D:9      | Found a transporter.
 11468 | D:9      | Noticed a two-headed ogre
 11468 | D:9      | Noticed a cyclops
 11471 | D:9      | Noticed EdirashGloemor's ghost (journeyman MiBe)
 11979 | D:9      | Found a shimmering blue altar of Sif Muna.
 12088 | D:9      | Identified the Incunabulum of Air
 12113 | D:9      | Reached XP level 11. HP: 94/99 MP: 22/22
 12246 | D:9      | Found a white marble altar of Elyvilon.
 12987 | D:10     | Entered Level 10 of the Dungeon
 13014 | D:10     | Learned a level 2 spell: Blink
 13038 | D:10     | Reached skill level 1 in Translocations
 13190 | D:10     | Found Aschi Kiu's Jewellery Boutique.
 13289 | D:10     | Found a staircase to the Orcish Mines.
 13541 | D:10     | Found a roughly hewn altar of Beogh.
 13597 | D:10     | Reached skill level 5 in Air Magic
 14160 | D:11     | Found Duafin's Gadget Shoppe.
 14182 | D:11     | Found Miulifef's Magic Scroll Shop.
 14418 | D:11     | Reached skill level 5 in Translocations
 14499 | D:11     | Found a staircase to the Lair.
 15240 | D:12     | Found a hide-covered altar of Uskayaw.
 15265 | D:12     | Noticed an unseen horror
 15270 | D:12     | Killed an unseen horror
 15355 | D:12     | Found a transporter.
 15355 | D:12     | Noticed a frost giant
 15357 | D:12     | Noticed a death knight
 15359 | D:12     | Noticed a tengu warrior
 15359 | D:12     | Noticed Thantalas's ghost (journeyman DgAE)
 15529 | D:12     | Noticed a two-headed ogre
 15549 | D:12     | Killed a two-headed ogre
 16381 | D:12     | Found a transporter.
 16422 | D:12     | Reached XP level 12. HP: 106/106 MP: 25/25
 17019 | D:12     | Found a shimmering altar of Xom.
 17028 | D:12     | Noticed an eight-headed hydra
 17042 | D:12     | Killed an eight-headed hydra
 17487 | D:13     | Noticed a centaur warrior
 19062 | D:13     | Killed a centaur warrior
 19422 | D:13     | Noticed a centaur warrior
 19445 | D:13     | Killed a centaur warrior
 20323 | D:14     | Noticed a six-headed hydra
 20329 | D:14     | Killed a six-headed hydra
 20547 | D:14     | Reached skill level 10 in Conjurations
 20547 | D:14     | Reached skill level 10 in Fire Magic
 21090 | D:14     | Got a brightly glowing leather armour
 21101 | D:14     | Identified the +6 leather armour of the Townfolk {MR+++
                  | MP-9 Str-5 Stlth+} (You found it on level 14 of the
                  | Dungeon)
 21385 | D:14     | Found a gate to the Vaults.
 21523 | D:14     | Reached skill level 5 in Dodging
 21523 | D:14     | Reached XP level 13. HP: 92/113 MP: 9/27
 23171 | Lair:1   | Entered Level 1 of the Lair of Beasts
 24065 | Lair:2   | Learned a level 6 spell: Deflect Missiles
 24507 | Lair:2   | Reached skill level 1 in Charms
 24951 | Lair:2   | Found a staircase to the Snake Pit.
 25875 | Lair:3   | Found a staircase to the Swamp.
 26672 | Lair:3   | Found a runed translucent door.
 26672 | Lair:3   | Found a shimmering altar of Xom.
 26672 | Lair:3   | Noticed Fies's ghost (journeyman GnAr)
 26675 | Lair:3   | Identified the +4 quarterstaff "Haghyi" {chaos, rPois MR++
                  | Int-2 Stlth-}
 26937 | Lair:4   | Identified the +7 trident "Towozefo" {chaos, Str+3 Int+5
                  | Stlth+}
 27420 | Lair:4   | Found a transporter.
 27422 | Lair:4   | Found a transporter.
 27499 | Lair:4   | Found a bloodstained altar of Trog.
 27504 | Lair:4   | Noticed Nilosor's ghost (journeyman DrAE)
 28308 | Lair:3   | Got a scorched hand axe
 28309 | Lair:3   | Identified the +3 hand axe "Eviscerator" {chop, Fragile
                  | rPois Dex+2} (You found it on level 3 of the Lair of
                  | Beasts)
 28629 | Lair:5   | Found a staircase to the Slime Pits.
 29462 | Lair:5   | Reached skill level 5 in Charms
 30004 | Lair:6   | Entered Level 6 of the Lair of Beasts
 30628 | Lair:6   | Reached skill level 5 in Evocations
 30635 | Lair:6   | Reached XP level 14. HP: 102/121 MP: 26/31
 31413 | Lair:6   | Identified the Volume of Poisonous Attacks
 31882 | Lair:6   | Noticed Snorg
 31894 | Lair:6   | Killed Snorg
 32874 | Lair:6   | Reached skill level 10 in Spellcasting
 33487 | Lair:6   | Reached skill level 10 in Air Magic
 33941 | Orc:1    | Entered Level 1 of the Orcish Mines
 34334 | Orc:1    | Noticed Sonja
 34345 | Orc:1    | Killed Sonja
 34345 | Orc:1    | Reached skill level 1 in Armour
 34630 | Orc:1    | Found a roughly hewn altar of Beogh.
 34768 | Orc:2    | Entered Level 2 of the Orcish Mines
 35024 | Orc:2    | Found Raemno's Weapon Shop.
 35066 | Orc:2    | Found a staircase to the Elven Halls.
 36322 | Orc:2    | Found a roughly hewn altar of Beogh.
 36921 | Orc:2    | Found Gireyner's Gadget Boutique.
 36921 | Orc:2    | Found Pesesoto's Gadget Emporium.
 37047 | Orc:2    | Found a roughly hewn altar of Beogh.
 37090 | Orc:2    | Found Liwyerhu's Jewellery Boutique.
 37090 | Orc:2    | Found Ziriwker's Book Emporium.
 37414 | D:15     | Entered Level 15 of the Dungeon
 38212 | D:14     | Reached skill level 11 in Fighting
 39393 | D:15     | Found a staircase to the Depths.
 39430 | D:15     | Reached XP level 15. HP: 101/130 MP: 31/35
 40167 | D:11     | Bought a scroll of blinking for 97 gold pieces
 40167 | D:11     | Bought a scroll of teleportation for 39 gold pieces
 40167 | D:11     | Bought a scroll of teleportation for 39 gold pieces
 40287 | D:7      | Bought a scroll of blinking for 270 gold pieces
 40287 | D:7      | Bought a scroll of blinking for 270 gold pieces
 40481 | Swamp:1  | Entered Level 1 of the Swamp
 40507 | Swamp:1  | Learned a level 3 spell: Regeneration
 40514 | Swamp:1  | Learned a level 6 spell: Iron Shot
 40522 | Swamp:1  | Found a transporter.
 41001 | Swamp:1  | Found a transporter.
 41039 | Swamp:1  | Noticed Jorgrun
 41050 | Swamp:1  | Killed Jorgrun
 41050 | Swamp:1  | Reached skill level 1 in Earth Magic
 43451 | Swamp:1  | Got a fine wooden ring
 43452 | Swamp:1  | Identified the ring "Ruadev" {rPois rN+} (You found it on
                  | level 1 of the Swamp)
 43465 | Swamp:1  | Got a shimmering marble ring
 43466 | Swamp:1  | Identified the ring of Vyestraiko {+Fly Dex+2 Stlth-} (You
                  | found it on level 1 of the Swamp)
 43470 | Swamp:1  | Got a crystal long sword
 43471 | Swamp:1  | Identified the +9 long sword of Doizuf {speed, +Inv MR+
                  | Str+4} (You found it on level 1 of the Swamp)
 43474 | Swamp:1  | Got a fine dagger
 43475 | Swamp:1  | Identified the +10 dagger "Dogam" {drain, MR+ Str+4 Int+7}
                  | (You found it on level 1 of the Swamp)
 43664 | Swamp:2  | Reached skill level 12 in Fighting
 45827 | Swamp:3  | Noticed a thorn hunter
 45834 | Swamp:3  | Killed a thorn hunter
 45834 | Swamp:3  | Reached skill level 5 in Earth Magic
 47071 | Swamp:3  | Identified Roxanne's Tome of Changing
 47071 | Swamp:3  | Noticed Roxanne
 47580 | Swamp:3  | Killed Roxanne
 48102 | Swamp:4  | Entered Level 4 of the Swamp
 48173 | Swamp:4  | Reached skill level 1 in Shields
 49551 | Swamp:4  | Noticed a thorn hunter
 49559 | Swamp:4  | Killed a thorn hunter
 49559 | Swamp:4  | Reached XP level 16. HP: 134/134 MP: 7/37
 51273 | Swamp:4  | Noticed a tentacled monstrosity
 51380 | Swamp:4  | Killed a tentacled monstrosity
 51380 | Swamp:4  | Reached skill level 10 in Earth Magic
 51691 | Swamp:4  | Reached skill level 1 in Necromancy
 52028 | Swamp:4  | Got a decaying rune of Zot
 52291 | Snake:1  | Entered Level 1 of the Snake Pit
 54871 | Snake:2  | Found Imasirukh's Weapon Boutique.
 55021 | Snake:2  | Reached skill level 5 in Armour
 56088 | Snake:3  | Noticed Vashnia
 56272 | Snake:3  | Killed Vashnia
 57857 | Snake:3  | Learned a level 6 spell: Statue Form
 58113 | Snake:3  | Reached skill level 1 in Transmutations
 58390 | Snake:3  | Reached XP level 17. HP: 141/141 MP: 25/39
 59684 | Snake:4  | Entered Level 4 of the Snake Pit
 60751 | Snake:4  | Identified Vanithac's Incunabulum of Dusty Transmigration
 60761 | Snake:4  | Learned a level 5 spell: Borgnjor's Vile Clutch
 60828 | Snake:4  | Reached skill level 5 in Transmutations
 61499 | Snake:4  | Noticed Aizul
 61507 | Snake:4  | Killed Aizul
 63210 | Snake:4  | Reached skill level 5 in Necromancy
 65083 | Snake:4  | Got a serpentine rune of Zot
 65672 | Vaults:1 | Entered Level 1 of the Vaults
 66315 | Vaults:1 | Reached XP level 18. HP: 149/149 MP: 41/41
 66863 | Vaults:1 | Noticed Saint Roka
 66874 | Vaults:1 | Killed Saint Roka
 70547 | Vaults:2 | Reached skill level 13 in Fighting
 70954 | Vaults:2 | Reached skill level 10 in Necromancy
 71186 | Vaults:2 | Found a staircase to the Crypt.
 71329 | Vaults:2 | Found Fefui's Book Shop.
 72287 | Vaults:3 | Reached skill level 15 in Spellcasting
 72865 | Vaults:3 | Reached skill level 14 in Fighting
 73079 | Vaults:3 | Found Cutiwn's Weapon Emporium.
 73085 | Vaults:3 | Bought the +6 battleaxe of Rotation {speed, Int+5} for 1273
                  | gold pieces
 73106 | Vaults:2 | Reached XP level 19. HP: 107/162 MP: 21/43
 73467 | Vaults:3 | Reached skill level 1 in Axes
 74913 | Vaults:3 | Reached skill level 5 in Axes
 76004 | Vaults:4 | Found Tiagg's Assorted Antiques.
 76057 | Vaults:4 | Bought a scroll of enchant armour for 315 gold pieces
 76057 | Vaults:4 | Bought a scroll of magic mapping for 147 gold pieces
 76057 | Vaults:4 | Bought a potion of resistance for 420 gold pieces
 76559 | Vaults:4 | Found a large runed translucent door.
 76559 | Vaults:4 | Found a large runed translucent door.
 76560 | Vaults:4 | Found a large runed translucent door.
 76560 | Vaults:4 | Found a large runed translucent door.
 76560 | Vaults:4 | Found a large runed translucent door.
 76560 | Vaults:4 | Found a large runed translucent door.
 76560 | Vaults:4 | Found a large runed translucent door.
 76560 | Vaults:4 | Found a large runed translucent door.
 76560 | Vaults:4 | Noticed Owio's ghost (adept MiGl)
 77211 | Vaults:4 | Reached skill level 10 in Axes
 78564 | Vaults:4 | Learned a level 2 spell: Song of Slaying
 78570 | Vaults:4 | Learned a level 5 spell: Dispel Undead
 78570 | Vaults:4 | Upgraded the game from 0.24-a0-769-g368c1644f8 to
                  | 0.24-a0-778-g74da537585
 78777 | Depths:1 | Entered Level 1 of the Depths
 79105 | Depths:1 | Reached XP level 20. HP: 174/174 MP: 36/44
 80040 | Depths:1 | Identified Sif Muna's Papyrus of Salt
 80413 | Depths:1 | Identified the Grimoire of Transmutation
 80805 | Depths:1 | Noticed Mara
 80808 | Depths:1 | Noticed GordonOverkill's illusion
 80823 | Depths:1 | Killed Mara
 81196 | Depths:1 | Identified the Disquisition on Toxins
 81806 | Depths:1 | Identified the Grimoire of the Snowflakes
 82089 | Depths:1 | Identified the Almanac of Companions
 82337 | Depths:1 | Gained mutation: Scrolls take you a little longer to read.
                  | [a shining eye]
 82820 | Depths:1 | Found a gateway to Hell.
 83076 | Depths:1 | Lost mutation: Scrolls take you a little longer to read.
                  | [potion of mutation]
 83076 | Depths:1 | Gained mutation: You are partially covered in slimy green
                  | scales. (AC +2) [potion of mutation]
 83076 | Depths:1 | Gained mutation: Your spells are a little easier to cast,
                  | but a little less powerful. [potion of mutation]
 83076 | Depths:1 | Gained mutation: You are somewhat resistant to further
                  | mutation. [potion of mutation]
 83181 | Depths:2 | Reached skill level 15 in Axes
 83596 | Depths:2 | Found a gateway to a ziggurat.
 83687 | Depths:2 | Found a corrupted altar of Lugonu.
 83687 | Depths:2 | Found a one-way gate to the infinite horrors of the Abyss.
 83925 | Depths:2 | Found Waoran's Gadget Boutique.
 83925 | Depths:2 | Found Wacoh's Jewellery Shoppe.
 83926 | Depths:2 | Found Juosyn's Gadget Boutique.
 84993 | Depths:2 | Reached XP level 21. HP: 62/181 MP: 3/46
 86109 | Depths:3 | Found a one-way gate leading to the halls of Pandemonium.
 86688 | Depths:3 | Noticed a caustic shrike
 86695 | Depths:3 | Killed a caustic shrike
 86981 | Depths:3 | Found a runed translucent door.
 86983 | Depths:3 | Noticed Yjairun's ghost (veteran CeHu)
 87105 | Depths:3 | Killed Yjairun's ghost
 87685 | D:6      | Killed Thufir's ghost
 87938 | D:9      | Killed EdirashGloemor's ghost
 88123 | D:12     | Killed Thantalas's ghost
 88304 | Lair:3   | Killed Fies's ghost
 88450 | Lair:4   | Killed Nilosor's ghost
 88951 | Vaults:4 | Killed Owio's ghost
 90049 | Depths:5 | Entered Level 5 of the Depths
 91384 | Depths:5 | Reached XP level 22. HP: 189/189 MP: 41/47
 92377 | Depths:5 | Found a gate to the Realm of Zot.
 92731 | Depths:5 | Found a runed translucent gate.
 92749 | Depths:5 | Noticed Vacsuiff's ghost (veteran DsFi)
 92750 | Depths:5 | Found a runed translucent gate.
 92751 | Depths:5 | Found a runed translucent gate.
 92908 | Depths:5 | Noticed a juggernaut
 92921 | Depths:5 | Killed a juggernaut
 93139 | Depths:5 | Killed Vacsuiff's ghost
 93467 | Depths:5 | Got a warped hat
 93468 | Depths:5 | Identified the +1 hat "Jaafon" {rElec MR- Int-3 Dex+5} (You
                  | found it on level 5 of the Depths)
 93552 | Depths:5 | Got an ichor-stained morningstar
 93553 | Depths:5 | Identified the +2 morningstar "Ceiditzo" {crush, +Rage
                  | +Inv} (You found it on level 5 of the Depths)
 93891 | Vaults:5 | Entered Level 5 of the Vaults
 93958 | Vaults:5 | Reached skill level 10 in Dodging
 94073 | Vaults:5 | Reached skill level 15 in Fighting
 94958 | Vaults:5 | Reached XP level 23. HP: 189/201 MP: 42/48
 95079 | Vaults:5 | Reached skill level 16 in Fighting
 95280 | Vaults:5 | Identified the ring of Wawa Meul {Wiz rN+}
 95373 | Vaults:5 | Identified the Disquisition on the Entourage and
                  | Enchantment
 95403 | Vaults:5 | Got a transparent golden ring
 95404 | Vaults:5 | Identified the ring of the Seven Lovers {Ice Int+5} (You
                  | found it on level 5 of the Vaults)
 95494 | Vaults:5 | Got a silver rune of Zot
 95568 | Vaults:5 | Paralysed by a sphinx for 4 turns
 95739 | Vaults:5 | Reached skill level 17 in Fighting
 96456 | Vaults:5 | Identified the cursed +3 arbalest "Heonunuw" {penet, rN+
                  | Int+2}
 96462 | Vaults:5 | Reached skill level 18 in Fighting
 96943 | D:10     | Bought a +4 ring of slaying for 858 gold pieces
 96990 | Elf:1    | Entered Level 1 of the Elven Halls
 97586 | Elf:1    | Identified the Guide on Supportive Attacks
 97872 | Elf:1    | Noticed Louise
 97886 | Elf:1    | Killed Louise
 98096 | Elf:2    | Reached skill level 19 in Fighting
 98181 | Elf:2    | Found Wifoh's Armour Boutique.
 98222 | Elf:2    | Found Gitwuxar's Food Boutique.
 98253 | Elf:2    | Found Deutiuruis's Antique Weapon Emporium.
 98267 | Elf:2    | Found Moamur's Gadget Boutique.
 98457 | Elf:2    | Found Bicle's Antique Weapon Emporium.
 98504 | Elf:2    | Found a runed translucent gate.
 98504 | Elf:2    | Found a runed translucent gate.
 98505 | Elf:2    | Found a runed translucent gate.
 98694 | Elf:2    | Reached XP level 24. HP: 198/223 MP: 37/48
 99034 | Elf:3    | Entered Level 3 of the Elven Halls
 99191 | Elf:3    | Reached skill level 20 in Fighting
 99771 | Elf:3    | Identified the +1 leather armour "Nasm" {rC+ Regen+ rCorr}
 99852 | Elf:3    | Identified the amulet of Fanaticism {Gourm rC- Str+4 Dex+4
                  | SInv}
 99915 | Elf:3    | Gained mutation: You are somewhat resistant to both further
                  | mutation and mutation removal. [a cacodemon]
100196 | Elf:3    | Identified the ring "Goanic" {rF- rCorr Dex+4}
100201 | Elf:3    | Identified the +4 scale mail "Kudahunn" {rElec rF+ rN++}
100494 | Elf:3    | Got a pair of distressingly furry gloves
100495 | Elf:3    | Identified the cursed +0 pair of gloves of Calculation
                  | {MP+9 Str+2 Int-3 SInv} (You found it on level 3 of the
                  | Elven Halls)
100498 | Elf:3    | Identified the Handbook of Destructive Self-Knowledge
100509 | Elf:3    | Got a faintly glowing plate armour
100510 | Elf:3    | Identified the +3 plate armour of Zin's Regard {Regen+
                  | Dex+2} (You found it on level 3 of the Elven Halls)
100527 | Elf:3    | Identified the amulet of Moral Flaws {Gourm +Inv}
101057 | Slime:1  | Entered Level 1 of the Pits of Slime
101325 | Slime:5  | Entered Level 5 of the Pits of Slime
101589 | Slime:5  | Gained mutation: You are weak. (Str -2) [a shining eye]
101591 | Slime:5  | Gained mutation: You are almost entirely resistant to
                  | further mutation and mutation removal. [a shining eye]
101647 | Slime:5  | Noticed the Royal Jelly
103449 | Slime:3  | Paralysed by a great orb of eyes for 7 turns
103465 | Slime:3  | Reached skill level 15 in Dodging
103646 | Slime:5  | Found a viscous altar of Jiyva.
103655 | Slime:5  | Killed the Royal Jelly
103970 | Slime:5  | Identified the Incunabulum of the Compass
103995 | Slime:5  | Got a crude jade ring
103996 | Slime:5  | Identified the ring "Riejetze" {Fire MR+ Str+6 Int-4} (You
                  | found it on level 5 of the Pits of Slime)
104001 | Slime:5  | Identified the Collected Works on Sinister Weightlessness
104004 | Slime:5  | Got a coiled diamond amulet
104008 | Slime:5  | Identified the amulet "Tecwoot" {Spirit Str+3} (You found
                  | it on level 5 of the Pits of Slime)
104011 | Slime:5  | Identified The Arcane Arts Continued
104057 | Slime:5  | Got a slimy rune of Zot
104067 | Slime:5  | Identified the Collected Works on Toxins
104075 | Slime:5  | Identified the Incunabulum of the Rocks
104101 | Slime:5  | Got a crude large shield
104102 | Slime:5  | Identified the cursed +0 large shield of Hedging {rPois
                  | rC+} (You found it on level 5 of the Pits of Slime)
104578 | Zot:1    | Entered Level 1 of the Realm of Zot
104819 | Zot:1    | Reached XP level 25. HP: 233/233 MP: 40/48
105045 | Zot:1    | Reached skill level 21 in Fighting
106486 | Zot:2    | Reached skill level 22 in Fighting
107499 | Zot:3    | Reached skill level 23 in Fighting
108446 | D:4      | Bought the ring of Ucina {rF+ Int+7 Dex+3} for 4440 gold
                  | pieces
109020 | Zot:4    | Reached XP level 26. HP: 254/254 MP: 39/48
109136 | Zot:4    | Reached skill level 24 in Fighting
109779 | Zot:4    | Noticed an ancient lich
109786 | Zot:4    | Killed an ancient lich
110114 | Zot:5    | Entered Level 5 of the Realm of Zot
110366 | Zot:5    | Reached skill level 25 in Fighting
110682 | Zot:5    | Noticed an ancient lich
110686 | Zot:5    | Noticed an orb of fire
110694 | Zot:5    | Noticed an ancient lich
110701 | Zot:5    | Killed an ancient lich
110705 | Zot:5    | Noticed an ancient lich
110713 | Zot:5    | Killed an orb of fire
110716 | Zot:5    | Killed an ancient lich
110729 | Zot:5    | Noticed an orb of fire
110739 | Zot:5    | Killed an ancient lich
110750 | Zot:5    | Killed an orb of fire
110781 | Zot:4    | Reached skill level 26 in Fighting
110925 | Zot:5    | Noticed an ancient lich
110934 | Zot:5    | Noticed an orb of fire
110938 | Zot:5    | Killed an ancient lich
110963 | Zot:5    | Killed an orb of fire
110964 | Zot:5    | Noticed an ancient lich
110979 | Zot:5    | Killed an ancient lich
110986 | Zot:5    | Noticed an ancient lich
110999 | Zot:5    | Killed an ancient lich
110999 | Zot:5    | Reached XP level 27. HP: 255/270 MP: 27/48
111369 | Zot:5    | Noticed an ancient lich
111380 | Zot:5    | Killed an ancient lich
111489 | Zot:5    | Reached skill level 27 in Fighting
111835 | Zot:5    | Noticed an ancient lich
111839 | Zot:5    | Killed an ancient lich
111964 | Zot:5    | Got the Orb of Zot
112294 | D:13     | Noticed Qyushi the pandemonium lord
112407 | D:9      | Noticed Naajidot the pandemonium lord
112427 | D:9      | Killed Naajidot the pandemonium lord
112760 | D:1      | Noticed Deduibb the pandemonium lord
112776 | D:1      | Killed Deduibb the pandemonium lord
112816 | D:$      | Escaped with the Orb!

Levels and vault maps discovered:
D:1:      sevenhm_arrival_forest_fort_large_4, layout_basic,
          minmay_misc_feat_tiny, grunt_decor_arrowhead
D:2:      layout_basic, first_ration, nicolae_ru_path_of_blood
D:3:      layout_basic, fedhas_altar_4, moated_statue, uniq_natasha
D:4:      layout_basic, nicolae_qazlal_general_emergency,
          minmay_temple_entry_antechambers, nicolae_gozag_zags_fifth_avenue
D:5:      layout_basic, ashenzari_conservatory_becter, zin_academy,
          serial_shops, shop, chequers_serial_rivers_micro_d
D:6:      layout_rooms, kennysheep_mini_moat, nicolae_overflow_crystal_walls,
          nicolae_overflow_quartered_altars, basic_altar,
          gammafunk_ghost_gnarly_gnolls, trog_wizard
D:7:      layout_layer_cave, serial_glass, glass_columns_c, glass_columns_c,
          serial_shops, shop, kennysheep_little_box, kennysheep_mini,
          nicolae_shop_competitors_out_of_business, enter_bailey_2,
          hangedman_feature_mirror, nrook_mini_vaults
D:8:      layout_basic, okawaru_ov_weapons_minmay
D:9:      layout_loops_cross, elyvilon_altar_3, tgw_sif,
          gammafunk_ghost_wrathful_warriors, serial_shops,
          nicolae_shop_temple_entry_statues_fountains,
          hangedman_little_slice_of_home, minivault_14, hangedman_minor_magic
D:10:     layout_roguey, minmay_orc_entry_temple_small, serial_shops,
          nicolae_shop_trees
D:11:     layout_loops_ring, due_lair_maze_entry_diamond, serial_shops, shop,
          shop
D:12:     layout_roguey [special_room_bee], gammafunk_ghost_arena, basic_altar,
          kb_xom_exploding_sheep
D:13:     layout_cave_pods, portal_ice_cave_entry_imps, serial_column_ruins,
          column_ruins_grid_4, column_ruins_open_large, column_ruins_open_small,
          column_ruins_open_small
D:14:     layout_irregular_city, erik_vaults_1, gauntlet_entry_generic,
          serial_bayou_shore_a, grunt_potential
D:15:     hangedman_depths_entry_civil_slaughter, layout_long_grid,
          patterned_corridor, st_stairs_1
Lair:1:   layout_gridlike, minivault_24, st_stairs_6
Lair:2:   layout_cave_pods, guppyfry_snake_entry_island
Lair:3:   layout_regular_city, swamp_mist, ebering_ghost_xom,
          kennysheep_catoblepas_arena
Lair:4:   layout_regular_city, gammafunk_ghost_wrathful_warriors,
          minmay_lair_oklob_chamber
Lair:5:   layout_regular_city, dpeg_slime_entry_corner, grunt_megastairs_5
Lair:6:   hangedman_lair_in_review, layout_big_grid, uniq_snorg
Swamp:1:  gammafunk_its_a_trap, layout_falls_marsh, serial_swamp_ruin,
          hangedman_swamp_ruin_hall, evilmike_swamp_ruin_rubble_2, uniq_jorgrun
Swamp:2:  layout_basic_swamp, evilmike_swamp_ruin_wall
Swamp:3:  layout_basic_swamp, nicolae_swamp_very_dense_foliage, swamp_pool5,
          nicolae_swamp_little_tower, infiniplex_staircase_pool_2, uniq_roxanne
Swamp:4:  swamp_vile, layout_basic_swamp
Snake:1:  layout_misc_corridors
Snake:2:  layout_chambers, serial_shops, nicolae_shop_waterfront
Snake:3:  kennysheep_snake, layout_misc_corridors, uniq_vashnia
Snake:4:  johnstein_snake_rune_scales, layout_cave_town, uniq_aizul
Slime:1:  layout_caves
Slime:2:  layout_caves
Slime:3:  layout_caves
Slime:4:  layout_caves
Slime:5
Orc:1:    layout_diamond_mine, basic_altar, uniq_sonja
Orc:2:    st_orc_town, layout_diamond_mine, basic_altar, serial_shops,
          nicolae_shop_statue_plus
Elf:1:    elf_arrival_002, layout_geoelf_grid, minmay_elf_sorcery,
          moated_statue, uniq_louise
Elf:2:    layout_geoelf_diagonals, serial_shops, shop, nicolae_shop_trees,
          nicolae_shop_trees, nicolae_shop_trees, nicolae_shop_waterfront,
          minivault_25, evilmike_ambush [evilmike_ambush_outer_basic,
          evilmike_ambush_inner_basic]
Elf:3:    elf_hall_gauntlet_wide, layout_geoelf_octagon
Vaults:1: vaults_room_semicircle, st_diamondy, nicolae_vaults_back_hallway,
          grunt_vaults_trifunnel, v_pattern_4, ontoclasm_vaults_decontamination,
          nicolae_vaults_circle_grid_b, v_misc_23, vaults_room_stairs_pillars,
          grunt_vaults_funnel, nicolae_vaults_little_squares_4,
          layout_vaults_ring, uniq_saint_roka
Vaults:2: hangedman_vaults_trim, nicolae_vaults_twisting_passages,
          minmay_crypt_entry_simple_statues, v_pattern_1, vaults_room_corners,
          vaults_room_guarded_vault, nicolae_vaults_little_squares_6,
          vaults_room_fours, v_misc_23, ontoclasm_vaults_eye,
          nicolae_vaults_little_ls, layout_vaults_omnibox, serial_shops,
          shop_statue
Vaults:3: nicolae_vaults_border_crossing, nicolae_vaults_hallways_thing,
          vaults_room_fancy_cross, v_rooms_1, nicolae_vaults_network_square,
          vaults_room_large_hall, v_misc_27, vaults_dpeg_ring,
          nicolae_vaults_mini_display_case, layout_vaults_quadrants,
          serial_shops, shop_statue
Vaults:4: advil_vaults_ghost_lines, v_misc_13, vaults_dpeg_hooks,
          ontoclasm_vaults_claustrophobia, ontoclasm_vaults_echo,
          vaults_room_hallway, nicolae_vaults_little_squares_6,
          vaults_room_fancy_cross, hangedman_vaults_variations,
          hangedman_vaults_trim, hangedman_vaults_stretched_pinwheel, v_misc_12,
          layout_vaults_chaotic_city, serial_shops,
          nicolae_shop_overgrown_old_shop
Vaults:5
Depths:1: layout_gridlike, lightli_too_deep, serial_hangedman_research,
          hangedman_research_toxicology, hangedman_research_quantum,
          hangedman_research_convocations, hangedman_research_thermodynamics,
          hangedman_research_metamorphosis, minmay_misc_feat_doors, nrook_uturn,
          nooodl_food_tri, kennysheep_random_hallway, uniq_mara
Depths:2: evilmike_inaccessible_box, layout_basic, enter_ziggurat_b,
          roderic_malta_cross, hell_entry, abyss_entry_flame_altar,
          minmay_staircase_windowed_small, minmay_shop_grove,
          serial_bayou_shore_b
Depths:3: thingy_vault, layout_cave_shapes, ebering_ghost_reflecting_pool,
          rand_demon_pan_entry_4, hangedman_coc_ice_floe, kennysheep_donut
Depths:4: hangedman_hanging_gardens, layout_cave_pools, abyss_entry,
          kennysheep_another_room, hell_entry, grunt_decor_fettered
Depths:5: grunt_zot_entry_gee_three, layout_basic,
          pf_vacation_house_of_asmodeus, biasface_ghost_demon_polymorph,
          nrook_kobold_shadow_demons
Zot:1:    layout_twisted_circle
Zot:2:    layout_basic
Zot:3:    lemuel_draconian_sentries_small, layout_misc_corridors,
          grunt_megastairs_2
Zot:4:    layout_gridville, bh_zot_lava_cross, st_stairs_12, nzn_random_ring
Zot:5:    layout_misc_corridors

Skill      XL: |  1  2  3  4  5  6  7  8  9 10 11 12 13 14 15 16 17 18 19 20 21 22 23 24 25 26 27 |
---------------+----------------------------------------------------------------------------------+-----
Conjurations   | 1 2 3 4 5 6 7 8 10 | 10.0
Dodging        | 2 3 5 10 15 17 | 17.8
Stealth        | 2 |  2.0
Fire Magic     | 3 4 5 6 7 8 10 | 10.0
Spellcasting   | 2 3 4 5 7 9 11 12 13 14 15 | 15.0
Fighting       | 2 3 10 11 12 14 15 19 20 23 26 27 | 27.0
Evocations     | 2 3 5 |  5.0
Air Magic      | 2 5 6 8 10 11 12 | 12.0
Translocations | 6 |  6.0
Charms         | 5 |  5.0
Armour         | 2 5 |  5.0
Earth Magic    | 8 10 | 10.0
Shields        | 3 4 |  4.0
Necromancy     | 3 8 10 | 10.0
Transmutations | 1 7 |  7.0
Axes           | 11 16 19 20 | 20.0

Action                   |  1- 3 |  4- 6 |  7- 9 | 10-12 | 13-15 | 16-18 | 19-21 | 22-24 | 25-27 || total
-------------------------+-------+-------+-------+-------+-------+-------+-------+-------+-------++-------
Melee: Club              |     5 |       |       |       |       |       |       |       |       ||     5
       Spear             |       |       |   118 |   367 |   405 |       |       |       |       ||   890
       Dagger            |       |       |    14 |       |    50 |   233 |       |       |       ||   297
       Bardiche          |       |       |       |     9 |       |       |       |       |       ||     9
       Hand axe          |       |       |       |       |    42 |       |       |       |       ||    42
       Battleaxe         |       |       |       |       |       |       |   792 |  1416 |  1141 ||  3349
Throw: Stone             |    21 |     4 |    14 |     2 |       |       |       |       |       ||    41
       Javelin           |    23 |    48 |    59 |    97 |   118 |    15 |       |     2 |       ||   362
       Boomerang         |       |       |    18 |       |    46 |       |       |       |       ||    64
       Throwing net      |       |       |       |       |       |       |       |     3 |     1 ||     4
 Cast: Flame Tongue      |    54 |    80 |   156 |   245 |   279 |    42 |       |       |       ||   856
       Conjure Flame     |       |     2 |     6 |    25 |    56 |     2 |       |       |       ||    91
       Sticky Flame      |       |       |    42 |   144 |   247 |   102 |     8 |       |       ||   543
       Airstrike         |       |       |       |    35 |   417 |   185 |    63 |    11 |     4 ||   715
       Fireball          |       |       |       |     8 |    40 |    27 |     5 |     5 |       ||    85
       Blink             |       |       |       |     1 |    12 |     1 |       |       |     1 ||    15
       Deflect Missiles  |       |       |       |       |     3 |     8 |     6 |     9 |     7 ||    33
       Iron Shot         |       |       |       |       |    55 |   416 |   200 |    46 |     9 ||   726
       Regeneration      |       |       |       |       |       |     9 |    33 |    11 |    13 ||    66
       Borgnjor's Vile C |       |       |       |       |       |   174 |   256 |   104 |    57 ||   591
       Statue Form       |       |       |       |       |       |    12 |    73 |    70 |    71 ||   226
       Dispel Undead     |       |       |       |       |       |       |    25 |    13 |     6 ||    44
       Song of Slaying   |       |       |       |       |       |       |       |     1 |    29 ||    30
Evoke: Wand              |       |       |       |     1 |     9 |     5 |    20 |     1 |     5 ||    41
       Phantom mirror    |       |       |       |       |       |       |       |     1 |       ||     1
  Use: Scroll            |       |       |    16 |     9 |    11 |    11 |    30 |    17 |     6 ||   100
       Potion            |       |       |     5 |     4 |     3 |       |    14 |     5 |    16 ||    47
 Stab: Sleeping          |       |       |       |     1 |     1 |       |     1 |     2 |       ||     5
       Petrified         |       |       |       |       |     2 |       |       |       |       ||     2
       Paralysed         |       |       |       |       |     3 |       |       |       |       ||     3
       Invisible         |       |       |       |       |       |       |     7 |       |       ||     7
       Distracted        |       |       |       |       |       |       |       |     1 |     2 ||     3
       Confused          |       |       |       |       |       |       |       |       |     2 ||     2
       Held in net/web   |       |       |       |       |       |       |       |       |     1 ||     1
  Eat: Chunk             |     5 |    18 |    26 |    59 |   100 |    63 |    53 |    31 |    19 ||   374
       Ration            |       |       |       |       |       |    12 |     2 |     8 |     5 ||    27
Armor: Robe              |     4 |     5 |    67 |     4 |       |       |       |       |       ||    80
       Steam dragon scal |       |       |       |   257 |   351 |   135 |   128 |    78 |       ||   949
       Skin              |       |       |       |     1 |       |    94 |   685 |   719 |   714 ||  2213
       Leather armour    |       |       |       |       |       |       |       |    89 |    49 ||   138
Dodge: Dodged            |    25 |    18 |   235 |   340 |   673 |   397 |   898 |  1780 |  1795 ||  6161
       Deflected         |       |       |       |       |    29 |    85 |    63 |    74 |    41 ||   292
Block: Buckler           |       |       |       |       |       |   164 |       |       |       ||   164

Table legend:
 A = Non-vault XP
 B = Vault XP
 C = Vault XP percentage of total XP
 D = Non-vault monster count
 E = Vault monster count
 F = Vault count percentage of total count
                 A         B        C        D         E       F
            +---------+---------+-------+---------+---------+-------
      Total |  979882 |  908738 |  48.1 |    1595 |     977 |  38.0
            +---------+---------+-------+---------+---------+-------
        D:1 |      43 |       0 |   0.0 |      12 |       0 |   0.0
        D:2 |      93 |       0 |   0.0 |      30 |       0 |   0.0
        D:3 |     225 |      36 |  13.8 |      18 |       1 |   5.3
        D:4 |     441 |       0 |   0.0 |      12 |       0 |   0.0
        D:5 |     313 |       0 |   0.0 |      10 |       0 |   0.0
        D:6 |    1056 |     972 |  47.9 |      27 |      11 |  28.9
        D:7 |     893 |       0 |   0.0 |      24 |       0 |   0.0
        D:8 |    1762 |       0 |   0.0 |      39 |       0 |   0.0
        D:9 |    2585 |    5114 |  66.4 |      46 |      33 |  41.8
       D:10 |    3578 |     326 |   8.4 |      19 |      14 |  42.4
       D:11 |    1207 |    1157 |  48.9 |      14 |       8 |  36.4
       D:12 |    6595 |    8527 |  56.4 |      20 |      36 |  64.3
       D:13 |    8577 |     123 |   1.4 |      41 |      12 |  22.6
       D:14 |    6714 |    7571 |  53.0 |      27 |      16 |  37.2
       D:15 |   12009 |    4600 |  27.7 |      36 |       6 |  14.3
     Lair:1 |    2270 |       0 |   0.0 |       6 |       0 |   0.0
     Lair:2 |    5488 |     482 |   8.1 |      16 |       3 |  15.8
     Lair:3 |    3673 |    3354 |  47.7 |      17 |       4 |  19.0
     Lair:4 |    1408 |    4116 |  74.5 |       9 |       9 |  50.0
     Lair:5 |    9413 |    2015 |  17.6 |      30 |       5 |  14.3
     Lair:6 |    7106 |   11686 |  62.2 |      19 |      20 |  51.3
    Swamp:1 |   10937 |    6257 |  36.4 |      39 |       6 |  13.3
    Swamp:2 |   11484 |       0 |   0.0 |      30 |       0 |   0.0
    Swamp:3 |   13994 |    2285 |  14.0 |      32 |       3 |   8.6
    Swamp:4 |   13414 |   22788 |  62.9 |      30 |      29 |  49.2
    Snake:1 |   16901 |       0 |   0.0 |      33 |       0 |   0.0
    Snake:2 |    9006 |       0 |   0.0 |      16 |       0 |   0.0
    Snake:3 |    4669 |   29497 |  86.3 |      11 |      42 |  79.2
    Snake:4 |   25457 |   43994 |  63.3 |      42 |      65 |  60.7
    Slime:1 |   23461 |       0 |   0.0 |      35 |       0 |   0.0
    Slime:2 |   10869 |       0 |   0.0 |      13 |       0 |   0.0
    Slime:3 |   21162 |       0 |   0.0 |      26 |       0 |   0.0
    Slime:4 |   25522 |    2792 |   9.9 |      55 |       3 |   5.2
    Slime:5 |    6419 |   14722 |  69.6 |      11 |       7 |  38.9
      Orc:1 |    1436 |     795 |  35.6 |      21 |       1 |   4.5
      Orc:2 |    3853 |    7717 |  66.7 |      38 |      58 |  60.4
      Elf:1 |   20574 |   12431 |  37.7 |      33 |      18 |  35.3
      Elf:2 |   12956 |   37327 |  74.2 |      21 |      48 |  69.6
      Elf:3 |   18871 |   29882 |  61.3 |      33 |      19 |  36.5
   Vaults:1 |   20441 |   19224 |  48.5 |      41 |      33 |  44.6
   Vaults:2 |   35152 |   17487 |  33.2 |      55 |      26 |  32.1
   Vaults:3 |   44003 |   28464 |  39.3 |      56 |      29 |  34.1
   Vaults:4 |   30387 |   33431 |  52.4 |      37 |      30 |  44.8
   Vaults:5 |   64838 |  143076 |  68.8 |      81 |      98 |  54.7
   Depths:1 |   34480 |   46091 |  57.2 |      46 |      69 |  60.0
   Depths:2 |   30874 |   37416 |  54.8 |      38 |      32 |  45.7
   Depths:3 |   13187 |   37378 |  73.9 |      13 |      24 |  64.9
   Depths:4 |   31040 |   19225 |  38.2 |      37 |      24 |  39.3
   Depths:5 |   19758 |   40070 |  67.0 |      11 |      30 |  73.2
      Zot:1 |   96905 |       0 |   0.0 |      59 |       0 |   0.0
      Zot:2 |   38275 |       0 |   0.0 |      26 |       0 |   0.0
      Zot:3 |   49096 |   19568 |  28.5 |      23 |      12 |  34.3
      Zot:4 |   62602 |   39133 |  38.5 |      35 |      19 |  35.2
      Zot:5 |   82410 |  167014 |  67.0 |      46 |      42 |  47.7
     Bailey |       0 |     595 | 100.0 |       0 |      32 | 100.0
            +---------+---------+-------+---------+---------+-------
